AoeStats
← A Bá

Nomad

509086086Analyzed
4v4 RM · 8d ago on Sep 25, 2026· 54m 59s· 8 players
Game mode
Random Map
Map size
231×231
Population
200
Speed
Normal
Resources
Standard
Victory
Conquest
Starting age
Dark Age
Ending age
Imperial Age
RankedLock teamsTeams togetherTeam positionsShared explorationLock speedFull tech treeHidden civsTurbo modeCheats
Victory
Defeat
🇩🇪 Varangians · Germany
1281
+13
🇦🇺 Saxons · Australia
1201
+16
🇻🇳 Khmer · Vietnam
1194
+17
🇦🇺 Lithuanians · Australia
1190
+16
🇻🇳 Danes · Vietnam
1252
-17
🇨🇿 Dravidians · Czechia
1227
-16
🇦🇷 Celts · Argentina
1214
-16
🇻🇳 Tatars · Vietnam
1151
-13
爱期满后
15:36 Feudal Age
13:53 Loom
16:06 Double-Bit Axe
16:32 Horse Collar
18:36 Stone Mining
19:17 Forging
19:07 Scale Mail Armor
19:17 Forging
22:08 Castle Age
20:43 Wheelbarrow
20:43 Gold Mining
21:49 Arson
23:18 Town Watch
24:29 Hand Cart
24:19 Heavy Plow
24:30 Bow Saw
25:40 Town Watch
29:03 Iron Casting
28:43 Chain Mail Armor
29:03 Iron Casting
28:22 Gambesons
30:01 Pikeman
39:41 Imperial Age
40:24 Capped Ram
42:51 Blast Furnace
42:21 Plate Mail Armor
42:51 Blast Furnace
43:04 Furor Celtica
43:30 Furor Celtica
43:28 Heavy Scorpion
46:03 Halberdier
46:56 Siege Engineers
vyshi77
9:22 Loom
14:17 Feudal Age
18:39 Castle Age
17:57 Fletching
20:16 Medium Warships
26:57 Stone Mining
26:54 Town Watch
30:05 Wheelbarrow
30:03 Double-Bit Axe
29:59 Horse Collar
34:50 Murder Holes
40:33 Gold Mining
47:05 Imperial Age
45:23 Hand Cart
45:43 Scale Mail Armor
45:57 Forging
45:29 Man-at-Arms
45:54 Gambesons
46:10 Squires
46:11 Long Swordsman
47:17 Chain Mail Armor
47:58 Two-Handed Swordsman
kw3dsky
11:33 Loom
14:07 Feudal Age
14:34 Double-Bit Axe
15:48 Gold Mining
23:15 Castle Age
22:53 Horse Collar
24:17 Medium Warships
24:25 Medium Warships
30:38 Wheelbarrow
30:32 Bow Saw
31:39 Husbandry
32:18 Scale Barding Armor
33:36 Hand Cart
34:00 Bloodlines
34:56 Chain Barding Armor
36:35 Forging
41:17 Imperial Age
40:25 Iron Casting
40:17 Heavy Plow
40:19 Silk Armor
41:18 Elite Steppe Lancer
Phu Thuy
5:42 Loom
6:30 Loom
15:14 Feudal Age
20:41 Castle Age
19:21 Double-Bit Axe
19:18 Fishing Lines
19:20 Horse Collar
19:32 Stone Mining
19:34 Gold Mining
22:23 Bow Saw
22:15 Heavy Plow
22:53 Gold Shaft Mining
24:37 Wheelbarrow
23:48 Town Watch
26:06 Fletching
26:45 Bodkin Arrow
28:13 Squires
29:58 Forging
29:52 Arson
30:10 Scale Mail Armor
33:37 Hamask
37:32 Iron Casting
39:33 Chain Mail Armor
39:21 Gambesons
43:19 Man-at-Arms
44:29 Long Swordsman
48:03 Imperial Age
50:04 Imperial Age
47:51 Hand Cart
50:47 Elite Jomsviking
52:29 Blast Furnace
52:00 Plate Mail Armor
Bob
6:03 Loom
13:57 Feudal Age
17:43 Castle Age
15:54 Double-Bit Axe
18:06 Scale Mail Armor
18:16 Forging
18:01 Fishing Lines
18:51 Bow Saw
18:40 Stone Mining
19:18 Town Watch
19:33 Gold Mining
20:06 Chain Mail Armor
19:54 Squires
19:40 Arson
21:26 Fletching
23:10 Gambesons
25:11 Wheelbarrow
24:28 Horse Collar
30:15 Iron Casting
31:29 Heavy Plow
40:01 Imperial Age
38:58 Coinage
38:51 Pikeman
41:15 Plate Mail Armor
40:15 Elite Varangian Guard
42:13 Blast Furnace
42:54 Two-Man Saw
42:39 Crop Rotation
41:47 Capped Ram
46:50 Conscription
46:16 Gothikon
49:03 Siege Ram
Súc Vật Du Phong
3:59 Loom
14:10 Feudal Age
18:39 Castle Age
16:48 Double-Bit Axe
16:45 Horse Collar
20:48 Wheelbarrow
23:39 Bow Saw
24:16 Heavy Plow
26:41 Husbandry
26:51 Bloodlines
28:20 Bloodlines
28:54 Hand Cart
29:17 Forging
29:55 Scale Barding Armor
31:19 Gold Mining
34:45 Gold Shaft Mining
34:00 Stone Mining
39:37 Imperial Age
38:53 Chain Barding Armor
41:01 Conscription
41:44 Chemistry
43:01 Double Crossbow
46:22 Plate Barding Armor
45:53 Elite Ballista Elephant
46:55 Light Cavalry
48:26 Hussar
49:47 Stone Shaft Mining
52:57 Iron Casting
Defenestrator
12:45 Loom
14:30 Feudal Age
15:30 Double-Bit Axe
21:39 Castle Age
22:41 Medium Warships
24:37 Bow Saw
24:40 Forging
24:36 Scale Barding Armor
27:08 Fishing Lines
28:13 Iron Casting
28:23 Bloodlines
28:37 Chain Barding Armor
33:59 Wheelbarrow
36:25 Husbandry
41:58 Imperial Age
41:16 Fletching
42:51 Cavalier
44:09 Plate Barding Armor
53:24 Conscription
53:49 Town Watch
54:23 Hand Cart
53:54 Paladin
55:42 Two-Man Saw
54:36 Gold Mining
A Bá
4:10 Loom
14:50 Feudal Age
15:20 Double-Bit Axe
22:43 Castle Age
23:53 Bow Saw
24:14 Squires
29:57 Horse Collar
30:32 Gold Mining
35:46 Wheelbarrow
43:19 Scale Mail Armor
51:45 Arson
55:51 Imperial Age
53:55 Chain Mail Armor
54:35 Forging
54:42 Hand Cart
56:01 Iron Casting
Connection lost

Rejoining the realm…

Still unreachable

The connection could not be restored.

Session expired

The server has moved on; the page needs a fresh start.